Get step-by-step instructions on how to execute this build order below. Start the game timer, and the build order will tick by so you can play in parallel with StarCraft on a second screen or mobile device.

Game Time

  0:00

Last Step

  N/A

Next Step

Upcoming Step



Don't want to look back and forth between 2 screens? Try out our Overwolf App, the Spawning Tool Build Advisor to get an in-game overlay with this build!

Complete Build Order

  12  0:00  Probe  
  13  0:12  Probe  
  14  0:17  Pylon  
  14  0:23  Probe  
  15  0:31  Probe  
  15  0:39  Gateway  
  15  0:41  Probe  
  17  0:50  Assimilator  
  17  0:53  Probe  
  18  1:05  Probe  
  18  1:06  Pylon  
  19  1:17  Probe  
  20  1:29  Cybernetics Core  
  21  1:38  Nexus  
  21  1:39  Probe  
  21  1:45  Assimilator  
  21  1:51  Probe  
  22  2:00  Pylon  
  22  2:04  Probe  
  23  2:12  Adept  
  23  2:17  Warp Gate  
  23  2:18  Probe  
  23  2:19  Shield Battery  
  26  2:30  Probe  
  25  2:52  Stalker  
  25  2:55  Probe  
  28  3:00  Robotics Facility  
  28  3:02  Probe  
  29  3:08  Probe  
  29  3:10  Pylon  
  30  3:14  Probe  
  30  3:18  Pylon  
  31  3:20  Probe  
  31  3:26  Sentry  
  34  3:27  Shield Battery  
  34  3:28  Probe  
  34  3:34  Probe  
  36  3:40  Gateway  
  36  3:46  Gateway  
  36  3:57  Immortal  
  36  3:59  Probe  
  36  4:01  Probe  
  42  4:11  Probe  
  42  4:13  Assimilator, Probe  
  44  4:23  Probe  
  45  4:24  Twilight Council  
  45  4:26  Probe  
  45  4:28  Pylon  
  46  4:36  Probe  
  46  4:38  Probe  
  48  4:41  Immortal  
  52  4:49  Probe  
  52  4:51  Robotics Bay  
  53  4:54  Assimilator  
  53  4:55  Probe  
  53  4:58  Pylon  
  53  5:03  Stalker  
  55  5:21  Probe  
  55  5:22  Probe  
  55  5:27  Pylon  
  57  5:57  Probe x2  
  57  6:08  Charge  
  57  6:09  Probe x2  
  59  6:12  Colossus, Zealot x3  
  71  6:20  Stargate  
  71  6:21  Extended Thermal Lance, Probe  
  71  6:24  Probe  
  73  6:35  Forge  
  73  6:39  Zealot x2  
  77  6:41  Pylon  
  77  6:43  Sentry  
  77  6:44  Pylon  
  79  6:48  Colossus  
  79  6:54  Pylon  
  79  6:55  Probe x2  
  81  7:04  Phoenix  
  89  7:12  Protoss Ground Weapons Level 1  
  89  7:14  Pylon  
  89  7:16  Probe x2  
  89  7:18  Zealot x3  
  97  7:30  Gateway  
  81  7:52  Zealot x3  
  69  8:09  Probe x2  
  71  8:15  Immortal  
  71  8:17  Nexus  
  71  8:19  Pylon  
  71  8:20  Zealot x3, Pylon  
  71  8:21  Probe  
  71  8:22  Probe, Phoenix  
  71  8:23  Pylon  
  85  8:33  Probe  
  85  8:34  Probe  
  87  8:46  Gateway  
  87  8:47  Probe  
  87  8:48  Gateway, Probe  
  89  8:50  Gateway  
  89  8:52  Photon Cannon  
  89  8:53  Gateway  
  89  8:54  Sentry x2  
  93  9:00  Immortal  
  93  9:05  Templar Archives  
  93  9:07  Pylon  
  97  9:19  Pylon  
  97  9:25  Robotics Facility  
  97  9:26  Robotics Facility  
  97  9:29  Probe  
  97  9:30  Assimilator  
  98  9:36  Assimilator  
  98  9:38  Photon Cannon  
  84  9:48  Zealot x2  
  84  9:49  Zealot x3  
  81  10:06  Stalker x3  
  87  10:11  Shield Battery  
  87  10:13  Shield Battery  
  87  10:14  Pylon  
  87  10:17  Probe  
  87  10:18  Probe x2  
  90  10:21  Zealot  
  90  10:22  Zealot  
  94  10:29  Probe  
  94  10:30  Immortal  
  94  10:31  Observer  
  100  10:37  Immortal  
  100  10:39  Probe  
  100  10:40  Probe  
  106  10:44  High Templar x2  
  106  10:46  High Templar  
  112  10:50  High Templar x3, Protoss Ground Armor Level 1  
  112  10:51  High Templar  
  112  10:52  High Templar  
  112  10:56  Archon x2  
  122  11:02  Psionic Storm  
  122  11:18  Immortal  
  122  11:19  Gateway  
  122  11:21  Gateway  
  122  11:24  Observer  
  131  11:25  Immortal  
  131  11:31  Probe x2  
  133  11:38  Zealot x3  
  133  11:39  Zealot  
  141  11:43  High Templar x2  
  130  12:07  Zealot x3  
  130  12:08  Zealot x3  
  122  12:10  Immortal  
  110  12:23  High Templar x2  
  110  12:24  High Templar x2  
  110  12:28  Archon x2  
  110  12:29  Zealot x3  
  124  12:30  Zealot x3  
  130  13:00  Zealot x6  
  130  13:01  Zealot x4  
  150  13:16  Photon Cannon  
  150  13:17  Photon Cannon  
  150  13:19  Nexus  
  78  14:05  Stalker x8  
  78  14:06  Stalker x2  
  98  14:12  Immortal x2  
  98  14:14  Immortal  
  110  14:18  Phoenix  
  112  14:26  Pylon  
  112  14:28  Probe x3  
  108  14:53  Zealot x5  
  108  14:54  Zealot x5  
  126  15:05  Probe x3  
  126  15:06  Immortal  
  133  15:07  Protoss Ground Armor Level 2  
  133  15:10  Assimilator  
  133  15:13  Fleet Beacon  
  133  15:17  Pylon  
  133  15:23  High Templar x4  
  133  15:24  High Templar  
  133  15:26  High Templar  
  145  15:30  Archon  
  145  15:45  Stalker x4  
  153  15:57  Stalker x5  
  153  16:16  High Templar x5  
  163  16:20  Archon x2  
  153  16:39  Stalker x5  
  163  16:43  Observer  
  163  16:44  Immortal x2  
  172  16:48  Carrier  
  172  17:11  Stalker x5  
  182  17:32  Probe  
  182  17:34  Photon Cannon  
  182  17:36  Photon Cannon  
  183  17:38  Photon Cannon  
  183  17:40  Photon Cannon  
  183  17:48  Assimilator  
  183  17:49  Stargate  
  183  17:50  Pylon  
  183  17:51  Stargate  
  183  17:52  Protoss Ground Weapons Level 2  
  183  17:55  Zealot x6  
  183  17:56  Zealot  
  183  17:57  Zealot  
  199  18:13  Protoss Air Weapons Level 1  
  113  18:44  High Templar x3  
  113  18:45  High Templar  
  113  18:46  Zealot x5  
  113  18:47  Zealot  
  129  18:49  Archon x2  
  129  19:09  Nexus  
  129  19:10  Pylon  
  129  19:13  Pylon  
  129  19:16  Assimilator, Photon Cannon  
  129  19:18  Assimilator, Stalker x2  
  129  19:19  Photon Cannon  
  129  19:20  Photon Cannon  
  125  19:47  Observer x3  
  110  20:06  Immortal x3  
  120  20:11  Zealot  
  120  20:12  Zealot x6  
  132  20:34  Zealot  
  134  20:37  High Templar x5  
  134  20:41  Archon  
  144  20:43  Zealot x4  
  152  20:54  Archon  
  130  21:05  Immortal x2  
  128  21:16  Zealot x5  
  126  21:32  Tempest  
  130  21:38  Pylon  
  130  21:50  Zealot x7  
  130  21:52  Zealot  
  146  22:04  Immortal, Observer  
  146  22:06  Immortal  
  76  22:45  Zealot x3  
  76  22:46  Zealot x7